 Dungeon Crawl Stone Soup version 0.18.1-47-g9310371 (webtiles) character file.

251 stigmas the Charmwright (level 5, 0/41 HPs)
             Began as a Demonspawn Skald on June 23, 2016.
             Slain by a wight
             ... wielding a cursed +2 morningstar of freezing
              (5 damage)
             ... on level 4 of the Dungeon.
             The game lasted 00:05:41 (3194 turns).

stigmas the Charmwright (Demonspawn Skald)          Turns: 3194, Time: 00:05:42

Health: 0/41       AC:  8    Str: 11 (12) XL:     5   Next: 88%
Magic:  9/9        EV: 12    Int: 13 (15) God:
Gold:   110        SH:  0    Dex: 10 (12) Spells: 2 memorised, 5 levels left

rFire  + . .     SeeInvis .     a - +0 hand axe
rCold  . . .     Gourm    .     i - +0 ring mail
rNeg   + . .     Faith    .     (no shield)
rPois  .         Spirit   .     p - +0 helmet
rElec  .         Dismiss  .     f - +0 cloak
rCorr  .         Reflect  .     u - +0 pair of gloves
SustAt .         Harm     .     (no boots)
MR     .....                    (no amulet)
Stlth  ..........               s - ring of positive energy
                                g - ring of protection from fire

@: drained, not resistant to hostile enchantments, extremely unstealthy
A: repulsion field 1, foul stench 1, rot immunity
a: no special abilities


You were on level 4 of the Dungeon.
You were not hungry.

You visited 1 branch of the dungeon, and saw 4 of its levels.

You collected 110 gold pieces.

Inventory:

Hand Weapons
 a - a +0 hand axe (weapon)
Missiles
 h - 160 stones (quivered)
Armour
 f - a +0 cloak (worn)
 i - a +0 ring mail (worn)
 p - a +0 helmet (worn)
 u - a +0 pair of gloves (worn)
Jewellery
 g - a ring of protection from fire (left hand)
 s - a ring of positive energy (right hand)
Scrolls
 k - a scroll of fog {unknown}
 l - a scroll of recharging {unknown}
 m - a scroll of enchant armour {unknown}
 n - 5 scrolls of identify {unknown}
 o - 2 scrolls of teleportation {unknown}
 q - 2 scrolls of remove curse {unknown}
 r - a scroll of noise {unknown}
 v - a scroll of immolation {unknown}
 x - a scroll of amnesia {unknown}
Potions
 b - a potion of curing {unknown}
 e - a potion of agility {unknown}
 j - a potion of cure mutation {unknown}
Books
 c - a book of Battle

   Spells                             Type                      Level
   a - Infusion                       Charms                       1
   b - Shroud of Golubria             Charms/Translocation         2
   c - Song of Slaying                Charms                       2
   d - Spectral Weapon                Hexes/Charms                 3
   e - Regeneration                   Charms/Necromancy            3
Comestibles
 d - 3 bread rations
 t - 2 chunks of flesh
 z - 2 fruits


   Skills:
 * Level 3.1(2.8) Fighting
 * Level 3.1(2.8) Axes
 + Level 1.7(1.5) Armour
 + Level 2.1(1.8) Dodging
 * Level 2.7(2.4) Spellcasting
 * Level 3.6(3.3) Charms


You had 5 spell levels left.
You knew the following spells:

 Your Spells              Type           Power        Failure   Level  Hunger
a - Infusion              Chrm           ##..         17%         1    #......
b - Regeneration          Chrm/Necr      #.........   87%         3    ###....


Dungeon Overview and Level Annotations

Branches:
Dungeon (4/15)
 Temple: D:4-7

Altars:


Innate Abilities, Weirdness & Mutations

You are surrounded by a mild repulsion field (EV +2).
You may emit foul miasma when damaged in melee.
You are immune to rotting.


Message History

You hit the wight but do no damage.
The wight is severely damaged.
The wight barely misses you.
You hit the wight.
You destroy the wight!
You feel your dexterity returning.
You closely miss the wight. The wight barely misses you.
You closely miss the wight.
The wight hits you with a morningstar of freezing.
* * * LOW HITPOINT WARNING * * *
You partially resist.
You feel drained. The wight freezes you.
* * * LOW HITPOINT WARNING * * *
You closely miss the wight.
The wight hits you with a morningstar of freezing.
* * * LOW HITPOINT WARNING * * *
The wight freezes you.
* * * LOW HITPOINT WARNING * * *
You hit the wight but do no damage.
The wight hits you with a morningstar of freezing.
You die...

#..#........#......#
#..#........#......#
..#........#......#
#.............#
#......#.####.#
########.# # .. #.#
##.##.# #..z@.#
#..#### .... ####


You could see a wight.

Vanquished Creatures
  A wight (D:4)
  An iguana (D:4)
  A worker ant (D:4)
  9 adders
  2 dart slugs (D:1)
  3 giant geckos
  2 orcs
  11 bats
  4 giant cockroaches
  8 goblins
  9 hobgoblins
  4 jackals (D:2)
  6 kobolds
  A ball python (D:4)
  4 giant newts
  7 rats
73 creatures vanquished.

Vanquished Creatures (others)
  A fungus (D:4)
1 creature vanquished.

Grand Total: 74 creatures vanquished

Notes
Turn   | Place    | Note
--------------------------------------------------------------
     0 | D:1      | stigmas the Demonspawn Skald began the quest for the Orb.
     0 | D:1      | Reached XP level 1. HP: 16/16 MP: 3/3
   191 | D:1      | Gained mutation: You are surrounded by a mild repulsion field (EV +2). [demonic ancestry]
   191 | D:1      | Reached XP level 2. HP: 10/22 MP: 5/5
   475 | D:1      | Reached skill level 1 in Dodging
   765 | D:2      | Gained mutation: You are immune to rotting. [demonic ancestry]
   765 | D:2      | Reached XP level 3. HP: 27/27 MP: 6/6
   883 | D:2      | Found a faded altar to an unknown god.
   992 | D:2      | Reached skill level 1 in Armour
  1205 | D:2      | Reached XP level 4. HP: 33/34 MP: 7/7
  1881 | D:3      | Learned a level 3 spell: Regeneration
  2006 | D:3      | Gained mutation: You may emit foul miasma when damaged in melee. [demonic ancestry]
  2006 | D:3      | Reached XP level 5. HP: 25/40 MP: 8/8
  3194 | D:4      | Slain by a wight

Skill      XL: |  1  2  3  4  5 |
---------------+----------------+-----
Axes           | 2 3 |  3.1
Charms         | 3 |  3.6
Dodging        | 1 2 |  2.1
Armour         | 1 |  1.7
Fighting       | 3 |  3.1
Spellcasting   | |  2.7

Action                   |  1- 3 |  4- 6 || total
-------------------------+-------+-------++-------
Melee: Hand axe          |   125 |   159 ||   284
 Cast: Infusion          |     1 |     1 ||     2
  Use: Potion            |       |     2 ||     2
  Eat: Chunk             |     1 |     4 ||     5
       Bread ration      |       |     1 ||     1
Armor: Leather armour    |     7 |       ||     7
       Ring mail         |    43 |    71 ||   114
       Skin              |       |     9 ||     9
Dodge: Dodged            |   107 |   131 ||   238
